 Dungeon Crawl Stone Soup version 0.25-a0-42-g6c54e25894 (webtiles) character file.

Game seed: 17487294166006117248, levelgen mode: deterministic

14 Esekla the Magician (level 2, -1/15 HPs)
             Began as a Deep Elf Wizard on Oct 22, 2019.
             Killed from afar by a dart slug (4 damage)
             ... with a slug dart
             ... on level 1 of the Dungeon.
             The game lasted 00:06:35 (586 turns).

Esekla the Magician (Deep Elf Wizard)                Turns: 586, Time: 00:06:35

Health: -1/15      AC:  2    Str:  4    XL:     2   Next: 27%
Magic:  3/9        EV: 16    Int: 22    God:
Gold:   36         SH:  0    Dex: 13    Spells: 7/10 levels left

rFire    . . .     SeeInvis .   g - +0 dagger
rCold    . . .     Gourm    .   (no shield)
rNeg     . . .     Faith    .   a - +0 robe
rPois    .         Spirit   .   b - +0 hat
rElec    .         Reflect  .   (no cloak)
rCorr    .         Harm     .   (no gloves)
MR       .....                  (no boots)
Stlth    ++........             (no amulet)
HPRegen  0.05/turn              c - +3 ring of evasion
MPRegen  0.11/turn              (no ring)

@: no status effects
A: no striking features
a: no special abilities


You were on level 1 of the Dungeon.
You were not hungry.

You visited 1 branch of the dungeon, and saw 2 of its levels.

You collected 36 gold pieces.

Inventory:

Hand Weapons
 e - a +0 spear
 g - a +0 dagger (weapon)
Armour
 a - a +0 robe (worn)
 b - a +0 hat (worn)
Jewellery
 c - a +3 ring of evasion (left hand)
Scrolls
 f - a scroll of enchant armour {unknown}
Potions
 h - 2 potions of curing {unknown}
Comestibles
 d - 3 rations


   Skills:
 + Level 2.7 Dodging
 + Level 2.5 Stealth
 + Level 4.9 Spellcasting
 * Level 1.5 Conjurations
   Level 1.1 Summonings
 + Level 1.1 Translocations


You had 7 spell levels left.
You knew the following spells:

 Your Spells              Type           Power        Failure   Level  Hunger
a - Magic Dart            Conj           ##..         5%          1    None
b - Blink                 Tloc           N/A          10%         2    None

Your spell library contained the following spells:

 Spells                   Type           Power        Failure   Level  Hunger
 Call Imp                 Summ           ##......     10%         2    None
 Slow                     Hex            #.......     16%         2    None
 Conjure Flame            Conj/Fire      #.......     22%         3    ##.....
 Mephitic Cloud           Conj/Pois/Air  #.......     24%         3    ##.....


Dungeon Overview and Level Annotations

Branches:
Dungeon (2/15)

Altars:


Message History

Casting: Magic Dart (safe; 5% risk of failure)
Confirm with . or Enter, or press ? or * to list all spells.
Aiming: Magic Dart (safe; 5% risk of failure)
Press: ? - help, Shift-Dir - straight line, f/p - hobgoblin
Aim: a hobgoblin, wielding a -3 club (lightly wounded)
The magic dart hits the hobgoblin.
The hobgoblin is severely wounded.
Casting: Magic Dart (safe; 5% risk of failure)
Confirm with . or Enter, or press ? or * to list all spells.
You blink.
The dart slug launches a dart at you. The slug dart hits you.
* * * LOW HITPOINT WARNING * * *
The giant cockroach barely misses you. The giant cockroach misses you.
There is a stone staircase leading down here.
The giant cockroach bites you but does no damage.
The dart slug launches a dart at you. The slug dart hits you.
You die...

##........## #..........# ####
#..........# #... #..........#
###### #..........# #.#.8#
#..........###..#÷# ...#
##gg......#..#<.#'. #.?.
##s...w.....##.)#)# ...
#.@........###.#.8# #.####
#..........# ######
#....###..........#####..#
#.#.....................#
#...###........†........#
##....###........#g.g..w..
#..#............##......†#
........##...#.[####.###....>..#
.....#######....# #..##.......#


You could see a dart slug, a giant cockroach and 2 hobgoblins.

Vanquished Creatures
  A bat (D:1)
  A giant cockroach (D:1)
  2 goblins (D:1)
  A hobgoblin (D:1)
  4 jackals (D:1)
  2 frilled lizards
11 creatures vanquished.

Notes
Turn   | Place    | Note
-------+----------+-------------------------------------------
     0 | D:1      | Esekla the Deep Elf Wizard began the quest for the Orb.
     0 | D:1      | Reached XP level 1. HP: 10/10 MP: 7/7
   129 | D:1      | Reached XP level 2. HP: 7/15 MP: 2/9
   210 | D:1      | Learned a level 2 spell: Blink
   586 | D:1      | Killed from afar by a dart slug

Levels and vault maps discovered:
D:1:      saegor_arrival_simple_c, layout_rooms, minmay_tromino_v7
D:2:      layout_loops_cross, first_ration, minmay_misc_feat_encased,
          chequers_serial_rivers_small_a, serial_bayou_lagoon_b, uniq_sigmund

Action                   || total
-------------------------++-------
Melee: Unarmed           ||    29
       Dagger            ||     1
 Cast: Magic Dart        ||    30
       Blink             ||     2
 Stab: Sleeping          ||     1
Armor: Robe              ||    17
Dodge: Dodged            ||    65

Table legend:
 A = Non-vault XP
 B = Vault XP
 C = Vault XP percentage of total XP
 D = Non-vault monster count
 E = Vault monster count
 F = Vault count percentage of total count
                 A         B        C        D         E       F
            +---------+---------+-------+---------+---------+-------
      Total |      20 |       0 |   0.0 |      11 |       0 |   0.0
            +---------+---------+-------+---------+---------+-------
        D:1 |      19 |       0 |   0.0 |      10 |       0 |   0.0
        D:2 |       1 |       0 |   0.0 |       1 |       0 |   0.0
            +---------+---------+-------+---------+---------+-------
